AoeStats
← JuL10SSJ

Arabia

509211578Analyzed
1v1 RM · 6d ago on Sep 25, 2026· 47m 44s· 2 players
Game mode
Random Map
Map size
Tiny (2 player)
Population
200
Speed
Normal
Resources
Standard
Victory
Conquest
Starting age
Dark Age
Ending age
Imperial Age
RankedLock teamsTeams togetherTeam positionsShared explorationLock speedFull tech treeHidden civsTurbo modeCheats
Victory
Defeat
🇧🇷 Varangians · Brazil
972
+17
🇨🇱 Danes · Chile
1000
-17
LucanMeister
7:23 Loom
11:52 Feudal Age
14:30 Bloodlines
29:32 Castle Age
27:22 Horse Collar
27:34 Double-Bit Axe
28:30 Gold Mining
31:06 Scale Barding Armor
31:04 Husbandry
31:44 Forging
36:03 Chain Barding Armor
37:38 Wheelbarrow
38:53 Heavy Plow
40:50 Ballistics
41:33 Murder Holes
JuL10SSJ
6:34 Loom
10:50 Feudal Age
11:34 Man-at-Arms
12:00 Arson
15:07 Forging
15:05 Scale Mail Armor
22:44 Horse Collar
22:57 Stone Mining
22:55 Double-Bit Axe
27:24 Wheelbarrow
26:34 Town Watch
29:31 Castle Age
28:04 Scale Barding Armor
27:56 Gold Mining
28:28 Fletching
28:39 Padded Archer Armor
29:42 Bloodlines
31:18 Husbandry
31:42 Bow Saw
31:42 Gambesons
31:57 Squires
31:23 Long Swordsman
33:32 Gold Shaft Mining
33:38 Town Watch
33:52 Pikeman
35:11 Masonry
36:15 Iron Casting
37:30 Chain Mail Armor
38:38 Stone Shaft Mining
38:49 Hamask
40:29 Chain Barding Armor
41:06 Heavy Plow
44:30 Imperial Age
43:31 Thumb Ring
42:47 Elite Skirmisher
44:24 Bodkin Arrow
44:50 Chain Barding Armor
46:12 Blast Furnace
46:20 Hand Cart
46:20 Two-Handed Swordsman
48:12 Leather Archer Armor
48:25 Ballistics
47:56 Guard Tower
Connection lost

Rejoining the realm…

Still unreachable

The connection could not be restored.

Session expired

The server has moved on; the page needs a fresh start.